 Dungeon Crawl Stone Soup version 0.30-a0-263-ge22c4ad894 (webtiles) character file.

Game seed: 15860641828584286395

93 boo the Slasher (level 4, -3/35 HPs)
             Began as a Merfolk Gladiator on Oct 13, 2022.
             Slain by a gnoll
             ... wielding a +0 spear
              (4 damage)
             ... on level 4 of the Dungeon.
             The game lasted 00:06:24 (2524 turns).

boo the Slasher (Merfolk Gladiator)                 Turns: 2524, Time: 00:06:25

Health: -3/35      AC:  6    Str: 16    XL:     4   Next: 61%
Magic:  4/4        EV: 13    Int:  7    God:
Gold:   191        SH:  0    Dex: 15    Spells: 3/3 levels left

rFire   . . .      SeeInvis .    a - +0 long sword
rCold   . . .      Faith    .    (no shield)
rNeg    . . .      Spirit   .    b - +0 leather armour
rPois   +          Reflect  .    A - +0 helmet
rElec   .          Harm     .    x - +0 cloak
rCorr   .          Rampage  .    (no gloves)
Will    .....                    u - +0 pair of boots
Stlth   +.........               (no amulet)
HPRegen 0.25/turn                h - ring of poison resistance
MPRegen 0.09/turn                (no ring)

@: no status effects
A: (nimble swimmer 2), mertail
a: no special abilities


You were on level 4 of the Dungeon.
You visited 1 branch of the dungeon, and saw 4 of its levels.

You collected 191 gold pieces.

Inventory:

Hand Weapons
 a - a +0 long sword (weapon)
Missiles
 d - 4 throwing nets (quivered)
 e - 4 javelins
Armour
 b - a +0 leather armour (worn)
 u - a +0 pair of boots (worn)
 x - a +0 cloak (worn)
 A - a +0 helmet (worn)
Jewellery
 h - a ring of poison resistance (left hand)
Scrolls
 c - a scroll of amnesia {unknown}
 f - a scroll of vulnerability {unknown}
 g - 5 scrolls of identify {unknown}
 k - a scroll of torment {unknown}
 n - 2 scrolls of brand weapon {unknown}
 o - 2 scrolls of fear {unknown}
 t - a scroll of enchant weapon {unknown}
 v - 2 scrolls of teleportation {unknown}
 y - a scroll of enchant armour {unknown}
 z - a scroll of immolation {unknown}
Potions
 i - a potion of degeneration {unknown}
 j - 3 potions of curing {unknown}
 l - 2 potions of lignification {unknown}
 m - a potion of invisibility {unknown}
 p - a potion of heal wounds {unknown}
 q - a potion of haste {unknown}
 r - a potion of brilliance {unknown}
 s - a potion of attraction {unknown}
 w - 2 potions of mutation {unknown}


   Skills:
 + Level 3.1 Fighting
 * Level 5.1 Long Blades
 - Level 2.0 Throwing
 + Level 4.8 Dodging


You had 3 spell levels left.
You didn't know any spells.
Your spell library contained the following spells:

 Spells                   Type           Power      Damage    Failure   Level
 Apportation              Tloc           0%         N/A       50%         1
 Slow                     Hex            0%         N/A       50%         1
 Cigotuvi's Dreadful Rot  Necr/Pois/Air  0%         N/A       65%         2
 Poisonous Vapours        Pois/Air       0%         N/A       65%         2
 Confusing Touch          Hex            0%         N/A       86%         3
 Ignite Poison            Fire/Tmut/Pois 0%         N/A       86%         3
 Kindle Blastsparks       Fire/Tloc/Air  0%         2d10      86%         3
 Mephitic Cloud           Conj/Pois/Air  0%         N/A       86%         3
 Vampiric Draining        Necr           0%         2d6       86%         3
 Alistair's Intoxication  Tmut/Pois      0%         N/A       100%        5
 Freezing Cloud           Conj/Ice/Air   0%         6-21      100%        5


Dungeon Overview and Level Annotations

Branches:
Dungeon (4/15)
 Temple: D:4-7

Altars:
Nemelex Xobeh

Shops:
D:1 :


Innate Abilities, Weirdness & Mutations

((You are very nimble when in or above water. (Stealth+, EV+, Speed+++)))
Your lower body shifts to a powerful aquatic tail in water.


Message History

The gnoll barely misses you.
You slash the gnoll!
You kill the gnoll!
You see here a +0 whip.
You start resting.
HP restored.
There is a stone staircase leading down here.
You climb downwards.
The gnoll barely misses you.
There is a stone staircase leading up here.
You slash the gnoll!
The gnoll is heavily wounded.
The gnoll hits you from afar with a +0 spear!
The gnoll misses you. The gnoll hits you with a +0 whip.
The gnoll hits you but does no damage.
You slash the gnoll!
You kill the gnoll!
The gnoll barely misses you. The gnoll hits you but does no damage.
The gnoll closely misses you.
Things that are here:
a +0 whip; a gnoll corpse You hit the gnoll.
The gnoll is moderately wounded.
The gnoll hits you from afar with a +0 spear!
The gnoll hits you with a +0 spear.
You hit the gnoll.
The gnoll is heavily wounded.
The gnoll barely misses you. The gnoll hits you with a +0 spear!
* * * LOW HITPOINT WARNING * * *
You barely miss the gnoll.
The gnoll is heavily wounded.
The gnoll hits you with a +0 spear.
* * * LOW HITPOINT WARNING * * *
The gnoll hits you from afar with a +0 spear.
* * * LOW HITPOINT WARNING * * *
You barely miss the gnoll.
The gnoll is heavily wounded.
The gnoll hits you from afar with a +0 spear.
* * * LOW HITPOINT WARNING * * *
The gnoll hits you with a +0 spear.
You die...

.....................
######.#####.#####.#
#######.....g.........
#.#...........g....###.#
#.#.#####.g#####.#.# #..
#.#.# #.## #.#.# ###
#.#.# #.# #....
#.#.#####.# ######
#.#.#.<@gg# #.#.#.###.#
#.#.)..##.#
####......##.#
##.######..##.#
######.#.## #..##.#
#...#.###.## #..##.#
#....## ##.# #..##.#
#...#.###.## #..#


You could see 2 gnolls.

Vanquished Creatures
  3 gnolls
  An adder (D:3)
  A dart slug (D:1)
  An orc (D:3)
  4 endoplasms
  2 giant cockroaches
  6 goblins
  4 hobgoblins
  6 jackals (D:2)
  4 kobolds
  2 quokkas (D:2)
  5 ball pythons
  4 bats
  3 frilled lizards
  2 rats (D:1)
48 creatures vanquished.

Notes
Turn   | Place    | Note
-------+----------+-------------------------------------------
     0 | D:1      | boo the Merfolk Gladiator began the quest for the Orb.
     0 | D:1      | Reached XP level 1. HP: 16/16 MP: 1/1
    35 | D:1      | Found Jebyb's Book Shop.
   149 | D:1      | Reached XP level 2. HP: 23/23 MP: 2/2
   152 | D:1      | Reached skill level 4 in Long Blades
   714 | D:2      | Reached XP level 3. HP: 25/28 MP: 3/3
  1600 | D:3      | Reached XP level 4. HP: 35/35 MP: 4/4
  1971 | D:3      | Reached skill level 5 in Long Blades
  2001 | D:3      | Found a sparkling altar of Nemelex Xobeh.
  2524 | D:4      | HP: 1/35 [gnoll/+0 spear (4)]
  2524 | D:4      | Slain by a gnoll

Illustrated notes

Levels and vault maps discovered:
D:1:      minmay_arrival_loop, layout_rooms, serial_forest,
          infiniplex_forest_end_1, infiniplex_forest_lined_corner,
          infiniplex_forest_lined_2, infiniplex_forest_lined_room_3,
          infiniplex_forest_lined_3_way, infiniplex_forest_clump_diagonal,
          infiniplex_forest_clump_small, infiniplex_forest_join, serial_shops,
          shop
D:2:      layout_basic
D:3:      layout_basic, lemuel_coloured_pillars_altar, grunt_ministairs_8
D:4:      layout_loops_ring, nicolae_dithmenos_the_darkroom, corner_web_ring,
          kennysheep_dice, uniq_pargi

Skill      XL: |  1  2  3  4 |
---------------+-------------+-----
Long Blades    | 4 5 |  5.1
Fighting       | 3 |  3.1
Throwing       | |  2.0
Dodging        | |  4.8

Action                   |  1- 3 |  4- 6 || total
-------------------------+-------+-------++-------
Melee: Long sword        |   109 |    38 ||   147
       Punch             |       |     1 ||     1
Throw: Throwing net      |     1 |       ||     1
 Stab: Sleeping          |     4 |       ||     4
Armor: Leather armour    |    42 |     9 ||    51
Dodge: Dodged            |    98 |    42 ||   140

Table legend: (Time is in decaauts)
 A = Elapsed time spent in this place.
 B = Non-inter-level travel time spent in this place.
 C = Inter-level travel time spent in this place.
 D = Time resting spent in this place.
 E = Time spent auto-exploring this place.
 F = Levels seen in this place.
 G = Mean time per level.
                   A        B        C        D        E       F      G
               +--------+--------+--------+--------+--------+-----+--------+
         Total |   2550 |   2506 |     44 |    168 |   1760 |   4 |  637.5 |
       Dungeon |   2550 |   2506 |     44 |    168 |   1760 |   4 |  637.5 |
               +--------+--------+--------+--------+--------+-----+--------+

Top non-repeatable levels by time:
     D:2: 891 daAuts
     D:3: 887 daAuts
     D:1: 644 daAuts
     D:4: 127 daAuts
